 Dungeon Sprint DCSS version 0.30.1-11-g7821555f0a (webtiles) character file.

Game seed: 3501893111235898221

65 Heoruswealwe the Poker (level 3, -3/37 HPs)
             Began as a Minotaur Fighter on Nov 5, 2023.
             Slain by a black bear (4 damage)
             ... in the Dungeon (Sprint IX: "|||||||||||||||||||||||||||||").
             The game lasted 00:00:35 (41 turns).

Heoruswealwe the Poker (Minotaur Fighter)             Turns: 41, Time: 00:00:36

Health: -3/37      AC:  3    Str: 22    XL:     3   Next: 92%
Magic:  2/2        EV:  9    Int:  5    God:
Gold:   0          SH:  4    Dex:  9    Spells: 2/2 levels left

rFire   . . .        a - +0 trident
rCold   . . .        d - +0 buckler
rNeg    . . .        c - +0 scale mail
rPois   .            (helmet restricted)
rElec   .            (no cloak)
rCorr   .            (no gloves)
SInv    .            (no boots)
Will    .....        (no amulet) Stlth
                     (no ring)
HPRegen 0.26/turn    (no ring)
MPRegen 0.08/turn

%: no teleportation
@: corroded
A: horns 2, retaliatory headbutt
a: no special abilities


You were in the Dungeon.
You visited 1 branch

Inventory:

Hand Weapons
 a - a +0 trident (weapon)
Armour
 c - a +0 scale mail (worn)
 d - a +0 buckler (worn)
Scrolls
 j - a scroll of blinking
Potions
 b - a potion of might
 e - a potion of curing
 g - a potion of haste
 i - a potion of berserk rage


   Skills:
 + Level 5.8 Fighting
 * Level 6.9 Polearms
 + Level 5.8 Armour
 - Level 3.6 Shields


You had 2 spell levels left.
You didn't know any spells.
Your spell library was empty.

Dungeon Overview and Level Annotations

Branches:
Dungeon (1/1)

Altars:


Innate Abilities, Weirdness & Mutations

You have a pair of horns on your head.
You reflexively headbutt those who attack you in melee.


Message History

You hit the black bear but do no damage.
You headbutt the black bear!
The black bear is heavily wounded.
You puncture the black bear!
The black bear is severely wounded.
The black bear bites you.
The black bear claws you but does no damage.
The black bear claws you.
You hit the black bear but do no damage.
You headbutt the black bear.
The black bear is almost dead.
The black bear goes berserk!
The black bear barely misses you. The black bear claws you.
You block the black bear's attack.
You hit the black bear but do no damage.
The black bear is almost dead.
The black bear barely misses you. The black bear claws you.
The black bear claws you but does no damage.
You hit the black bear. Your headbutt misses the black bear.
The black bear is almost dead.
The black bear closely misses you. You furiously retaliate!
You headbutt the black bear, but do no damage.
You block the black bear's attack. The black bear claws you.
The black bear barely misses you. You block the black bear's attack.
The black bear claws you.
You hit the black bear but do no damage.
Your headbutt misses the black bear.
The black bear is almost dead.
The black bear closely misses you. The black bear claws you.
The black bear barely misses you.
You hit the black bear but do no damage.
The black bear is almost dead.
The black bear bites you!
* * * LOW HITPOINT WARNING * * *
The black bear claws you.
* * * LOW HITPOINT WARNING * * *
The black bear claws you but does no damage.
You completely miss the black bear.
The black bear is almost dead.
The black bear bites you.
You die... ▓▓▓▓▓▓▓▓▓▓▓▓▓▓▓▓▓▓ +...JSh@....†.!.<▓ ▓▓▓▓▓▓▓▓▓▓▓▓▓▓▓▓▓▓

You could see a water moccasin, a black bear (berserk) and a jelly.

Vanquished Creatures
  A jelly (D)
  A hound (D)
  A bat (D)
  2 endoplasms (D)
  A ball python (D)
  A rat (D)
7 creatures vanquished.

Notes
Turn   | Place    | Note
-------+----------+-------------------------------------------
     0 | D        | Heoruswealwe the Minotaur Fighter began the quest for the
                  | Orb.
     0 | D        | Reached XP level 1. HP: 19/19 MP: 0/0
     8 | D        | Reached skill level 3 in Polearms
    19 | D        | Noticed a jelly
    19 | D        | Noticed a water moccasin
    19 | D        | Noticed a black bear
    19 | D        | Noticed a jelly
    19 | D        | Noticed a hound
    28 | D        | Killed a hound
    29 | D        | Reached skill level 5 in Fighting
    29 | D        | Reached skill level 5 in Polearms
    29 | D        | Reached skill level 5 in Armour
    29 | D        | Reached XP level 2. HP: 23/29 MP: 1/1
    29 | D        | Reached XP level 3. HP: 29/36 MP: 2/2
    33 | D        | Reached skill level 6 in Polearms
    40 | D        | HP: 1/37 [black bear (4)]
    41 | D        | Slain by a black bear

Illustrated notes

Levels and vault maps discovered:
D:        linesprint [early_d, line_temple, items_1, d_10, items_2, lair_1,
          lair_end, items_3, orc_1, orc_end, items_4, d_15, swamp_1, shoals_1,
          snake_1, spider_1, d_20, vaults_1, items_5, swamp_end, shoals_end,
          snake_end, spider_end, vaults_end, d_27, items_6, zot_1, zot_end,
          crypt_end, forest_end, elf_end, slime_end, tomb_end, abyss_end,
          pan_hell_end]

Skill      XL: |  1  2  3 |
---------------+----------+-----
Polearms       | 5 6 |  6.9
Fighting       | 5 |  5.8
Armour         | 5 |  5.8
Shields        | |  3.6

Action                     || total
---------------------------++-------
  Melee: Trident           ||    27
         Headbutt          ||     3
    Use: Potion            ||     1
 Armour: Scale mail        ||    11
  Dodge: Dodged            ||    12
  Block: Buckler           ||     9
